[Event "ICC tourney 2069 (15 5)"]
[Site "Internet Chess Club"]
[Date "2020.10.18"]
[Round "2"]
[White "fdhamija"]
[Black "Camrynz1"]
[Result "0-1"]
[ICCResult "White resigns"]
[WhiteElo "1268"]
[BlackElo "1511"]
[Opening "King's Indian: 5.Nf3"]
[ECO "E90"]
[NIC "KI.22"]
[Time "13:01:28"]
[TimeControl "900+5"]

1. e4 d6 2. d4 g6 3. c4 Nf6 4. Nc3 Bg7 5. Nf3 Bg4 6. Be2 Bxf3 7. Bxf3 Nfd7
8. O-O e5 9. d5 O-O 10. Be3 c6 11. Qb3 Qc7 12. Qc2 f5 13. b4 f4 14. Bd2 Nf6
15. a4 g5 16. h3 h5 17. g3 Qc8 18. Kg2 g4 19. hxg4 hxg4 20. Bd1 f3+ 21. Kh2
Qe8 22. Rh1 Kf7 23. Kg1 Rh8 24. Bg5 Rxh1+ 25. Kxh1 Nbd7 26. Kg1 Qh8 27. Bh4
Bh6 28. Kf1 Bg5 29. Ke1 Bxh4 30. gxh4 Nh5 31. Kd2 Qh6+ 32. Kd3 Nf4+ 33. Kd2
Nxd5+ 34. Ke1 Nf4 35. b5 Nc5 36. bxc6 bxc6 37. Qa2 Nfd3+ 38. Kf1 Qxh4
{White resigns}
0-1

[Event "ICC tourney 2069 (15 5)"]
[Site "Internet Chess Club"]
[Date "2020.10.18"]
[Round "2"]
[White "harkerchess"]
[Black "Vihaanchowdhary"]
[Result "1-0"]
[ICCResult "Black checkmated"]
[WhiteElo "1949"]
[BlackElo "1592"]
[Opening "QGD: Albin counter-gambit"]
[ECO "D08"]
[NIC "QG.02"]
[Time "13:01:14"]
[TimeControl "900+5"]

1. d4 d5 2. c4 e5 3. dxe5 d4 4. a3 Nc6 5. Nf3 Nge7 6. h3 Ng6 7. e3 dxe3 8.
Qxd8+ Kxd8 9. Bxe3 Ngxe5 10. Nxe5 Nxe5 11. Nc3 Be6 12. b3 c6 13. Be2 Be7 14.
g4 Kc7 15. f4 Nd7 16. f5 Nc5 17. Bxc5 Bxc5 18. fxe6 Bd4 19. Kd2 fxe6 20.
Rad1 Rad8 21. Kc2 Rhf8 22. Ne4 e5 23. Rhf1 h6 24. c5 g5 25. b4 Rf4 26. Ng3
Rdf8 27. Nf5 Re4 28. Bd3 Rf4 29. Ng7 Rf2+ 30. Kb3 Rb2+ 31. Ka4 Rff2 32. Rxf2
Bxf2 33. Bf5 b5+ 34. Ka5 Ra2 35. Ne8+ Kb7 36. Rd7+ Kb8 37. Rd8+ Kb7 38. Nd6+
Kc7 39. Rc8# {Black checkmated} 1-0

[Event "ICC tourney 2069 (15 5)"]
[Site "Internet Chess Club"]
[Date "2020.10.18"]
[Round "2"]
[White "danielbest"]
[Black "JonnyTurgi"]
[Result "1-0"]
[ICCResult "Black resigns"]
[WhiteElo "1685"]
[BlackElo "1927"]
[Opening "QGD semi-Slav"]
[ECO "D43"]
[NIC "SL.03"]
[Time "13:01:26"]
[TimeControl "900+5"]

1. d4 d5 2. c4 c6 3. Nf3 Nf6 4. Nc3 e6 5. Bg5 h6 6. Bh4 dxc4 7. e4 g5 8. Bg3
b5 9. Qc2 Bb7 10. a4 a6 11. h4 g4 12. Ne5 Qxd4 13. Rd1 Qb6 14. Be2 h5 15.
Qd2 Be7 16. Qf4 c5 17. Nxf7 Kxf7 18. e5 Rd8 19. exf6 Bxf6 20. f3 Rxd1+ 21.
Bxd1 Nd7 22. fxg4 hxg4 23. Bxg4 Bxg2 24. Bh5+ Ke7 25. Rh2 Qc6 26. Rxg2 Ne5
27. Qd2 Rd8 28. Qe2 Nd3+ 29. Kf1 Rd4 30. Bf3 Qd7 31. axb5 axb5 32. Ne4 Ne5
33. Nxf6 {Black resigns} 1-0

[Event "ICC tourney 2069 (15 5)"]
[Site "Internet Chess Club"]
[Date "2020.10.18"]
[Round "2"]
[White "searchforbobby1"]
[Black "Futurebus"]
[Result "1-0"]
[ICCResult "Black checkmated"]
[WhiteElo "2019"]
[BlackElo "1421"]
[Opening "Sicilian: Smith-Morra gambit"]
[ECO "B21"]
[NIC "SI.48"]
[Time "13:01:14"]
[TimeControl "900+5"]

1. e4 c5 2. d4 cxd4 3. c3 dxc3 4. Nxc3 Nc6 5. Bc4 e6 6. Nf3 Bb4 7. O-O Nge7
8. Bg5 O-O 9. Rc1 f6 10. Bf4 Ng6 11. Bg3 Kh8 12. Nb5 d5 13. exd5 exd5 14.
Bxd5 Nce7 15. Bb3 Qxd1 16. Rfxd1 Bf5 17. a3 Ba5 18. Nd6 h6 19. Nd4 Bc8 20.
h4 h5 21. Ne6 Bxe6 22. Bxe6 Kh7 23. Rc5 Ne5 24. Rxa5 N7c6 25. Rad5 b6 26. f4
Ne7 27. fxe5 Nxd5 28. Bxd5 fxe5 29. Bxa8 Rxa8 30. Bxe5 Rf8 31. Rf1 Rd8 32.
Rf7 Rg8 33. Rxa7 b5 34. Nf5 b4 35. Rxg7+ Rxg7 36. Nxg7 bxa3 37. bxa3 Kg6 38.
a4 Kf7 39. a5 Ke7 40. a6 Kd7 41. a7 Ke7 42. a8=Q Kf7 43. Qd5+ Kg6 44. Qe6+
Kh7 45. Qf5+ Kg8 46. Qg6 Kf8 47. Bd6+ Kg8 48. Nf5+ Kh8 49. Be5#
{Black checkmated}
1-0

[Event "ICC tourney 2069 (15 5)"]
[Site "Internet Chess Club"]
[Date "2020.10.18"]
[Round "2"]
[White "Ojas2020"]
[Black "sayhi2tejas"]
[Result "1-0"]
[ICCResult "Black resigns"]
[WhiteElo "1488"]
[BlackElo "1219"]
[Opening "QGA: 3.e4"]
[ECO "D20"]
[NIC "QG.04"]
[Time "13:01:20"]
[TimeControl "900+5"]

1. d4 d5 2. c4 dxc4 3. e4 e6 4. Bxc4 Ne7 5. Nf3 Nbc6 6. O-O Bd7 7. Nc3 g6 8.
Bg5 Bg7 9. h3 h6 10. Be3 g5 11. Qc2 Nb4 12. Qd2 Nbc6 13. a3 a5 14. Rfd1 b6
15. Bb5 Ra7 16. Bxc6 Nxc6 17. Nb5 Ra8 18. a4 Nb4 19. Qe2 O-O 20. e5 Bc6 21.
Rdc1 Qd5 22. Nxc7 Qd8 23. Nxa8 Qxa8 24. Bd2 Nd5 25. Rc2 f6 26. Rac1 Rc8 27.
exf6 Nxf6 28. Qxe6+ Kh7 29. Rxc6 Rxc6 30. Rxc6 Qd8 31. Qf5+ Kh8 32. Rc8 Qxc8
33. Qxc8+ Kh7 34. Ne5 Ne4 35. Qf5+ Kh8 36. Qxe4 Kg8 37. d5 Bf6 38. d6 Kg7
39. d7 Kg8 40. Qg6+ {Black resigns} 1-0

[Event "ICC tourney 2069 (15 5)"]
[Site "Internet Chess Club"]
[Date "2020.10.18"]
[Round "2"]
[White "cooljay"]
[Black "mortonaw"]
[Result "1-0"]
[ICCResult "Black checkmated"]
[WhiteElo "2059"]
[BlackElo "1517"]
[Opening "Ruy Lopez: Caro variation"]
[ECO "C70"]
[NIC "RL.09"]
[Time "13:01:05"]
[TimeControl "900+5"]

1. e4 e5 2. Nf3 Nc6 3. Bb5 a6 4. Ba4 b5 5. Bb3 d6 6. a3 Nf6 7. Nc3 Be7 8. h3
Na5 9. Ba2 c5 10. d3 O-O 11. O-O Qb6 12. Nd5 Nxd5 13. exd5 f5 14. Nxe5 c4
15. dxc4 dxe5 16. d6 bxc4 17. Qd5+ Kh8 18. dxe7 Re8 19. Qxa8 Qg6 20. Qf3 f4
21. Bd2 Nc6 22. Bc3 Rxe7 23. Bxc4 Re8 24. Bd5 e4 25. Qxf4 Bxh3 26. Qg3 Qxg3
27. fxg3 Bd7 28. Rf7 Be6 29. Bxe6 Nd8 30. Rxg7 Rxe6 31. Rg6+ Re5 32. Bxe5#
{Black checkmated}
1-0

[Event "ICC tourney 2069 (15 5)"]
[Site "Internet Chess Club"]
[Date "2020.10.18"]
[Round "2"]
[White "tangent"]
[Black "john-hartmann"]
[Result "1-0"]
[ICCResult "Black resigns"]
[WhiteElo "2290"]
[BlackElo "1556"]
[Opening "Benoni: fianchetto variation"]
[ECO "A62"]
[NIC "CA.01"]
[Time "13:01:09"]
[TimeControl "900+5"]

1. d4 Nf6 2. c4 e6 3. g3 c5 4. d5 exd5 5. cxd5 d6 6. Nc3 g6 7. Nf3 Bg7 8.
Nd2 O-O 9. Nc4 Re8 10. Bg2 Bf5 11. f3 Na6 12. Nb5 Nb4 13. e4 Bc8 14. Nbxd6
Re7 15. O-O b5 16. Nxb5 Ba6 17. Nba3 Nd7 18. Bg5 f6 19. Be3 Rc8 20. Qd2 Ne5
21. Rfc1 Bxc4 22. Nxc4 f5 23. Bg5 Nxc4 24. Rxc4 Bd4+ 25. Rxd4 cxd4 26. Qxb4
{Black resigns}
1-0

[Event "ICC tourney 2069 (15 5)"]
[Site "Internet Chess Club"]
[Date "2020.10.18"]
[Round "2"]
[White "challenger2010"]
[Black "Ananya22609"]
[Result "1-0"]
[ICCResult "Black checkmated"]
[WhiteElo "2144"]
[BlackElo "1651"]
[Opening "Sicilian, Chekhover variation"]
[ECO "B53"]
[NIC "SI.02"]
[Time "13:01:29"]
[TimeControl "900+5"]

1. e4 c5 2. Nf3 d6 3. d4 cxd4 4. Qxd4 Nf6 5. h3 e6 6. c4 Nbd7 7. Nc3 Be7 8.
Be2 O-O 9. O-O a6 10. a4 Nc5 11. Nd2 b6 12. b4 Ncd7 13. Nb3 Bb7 14. a5 bxa5
15. Nxa5 Qc7 16. Be3 Rab8 17. Qa7 Rfc8 18. f3 Nh5 19. b5 Bf6 20. b6 Qd8 21.
Nxb7 Qe7 22. Na5 Bxc3 23. b7 Bxa1 24. bxc8=Q+ Rxc8 25. Rxa1 Ng3 26. Bf1 Qd8
27. Bf2 Nh5 28. Qxa6 Ne5 29. Rd1 Ra8 30. Qxd6 Qxa5 31. Bb6 Qa6 32. Qd8+ Rxd8
33. Rxd8# {Black checkmated} 1-0

[Event "ICC tourney 2069 (15 5)"]
[Site "Internet Chess Club"]
[Date "2020.10.18"]
[Round "2"]
[White "MYMChessWyatt"]
[Black "Yeetamus123"]
[Result "1/2-1/2"]
[ICCResult "Game drawn by repetition"]
[WhiteElo "1189"]
[BlackElo "1309"]
[Opening "Sicilian: accelerated fianchetto, modern variation with Bc4"]
[ECO "B35"]
[NIC "SI.33"]
[Time "13:01:02"]
[TimeControl "900+5"]

1. e4 c5 2. Nf3 Nc6 3. d4 cxd4 4. Nxd4 g6 5. Nc3 Bg7 6. Be3 Nf6 7. Bc4 O-O
8. Bb3 d6 9. O-O Bg4 10. f3 Bd7 11. Re1 a6 12. Qd2 b5 13. Nxc6 Bxc6 14. Rad1
b4 15. Ne2 a5 16. Qc1 Qc7 17. Bd5 Nxd5 18. exd5 Bb5 19. Nd4 Ba6 20. Bh6 Rac8
21. Bxg7 Kxg7 22. Qg5 f6 23. Ne6+ Kh8 24. Nxc7 fxg5 25. Nxa6 Rxc2 26. Rxe7
Rxb2 27. Rde1 Rxa2 28. Nc7 b3 29. Ne6 Rb8 30. Nxg5 b2 31. Rb1 Ra1 32. Ree1
Rxb1 33. Rxb1 a4 34. Ne4 a3 35. Nc3 Rb3 36. Na2 Rd3 37. Kf2 Rxd5 38. Ke2 Kg7
39. Nc3 Rc5 40. Kd3 Rxc3+ 41. Kxc3 a2 42. Kxb2 axb1=Q+ 43. Kxb1 Kf6 44. Kc2
Ke5 45. Kd3 Kd5 46. f4 h6 47. g4 Kc5 48. h4 d5 49. f5 gxf5 50. gxf5 Kd6 51.
Kd4 h5 52. f6 Ke6 53. f7 Kxf7 54. Kxd5 Kf6 55. Ke4 Kg6 56. Kf4 Kf6 57. Ke4
Ke6 58. Kf4 Kf6 59. Ke4 Ke6 60. Kf4 Kf6 61. Ke4 Ke6 {Game drawn by
repetition} 1/2-1/2

[Event "ICC tourney 2069 (15 5)"]
[Site "Internet Chess Club"]
[Date "2020.10.18"]
[Round "2"]
[White "carokantor"]
[Black "Jets"]
[Result "0-1"]
[ICCResult "White resigns"]
[WhiteElo "1682"]
[BlackElo "1623"]
[Opening "Sicilian: Alapin's variation (2.c3)"]
[ECO "B22"]
[NIC "SI.46"]
[Time "13:01:17"]
[TimeControl "900+5"]

1. e4 c5 2. c3 Nc6 3. d4 cxd4 4. cxd4 g6 5. Bc4 Bg7 6. Nf3 h6 7. O-O Nf6 8.
e5 Nh7 9. Nc3 O-O 10. Qc2 d6 11. Qxg6 e6 12. Qg3 Kh8 13. exd6 Nxd4 14. Nxd4
Bxd4 15. Bxh6 Rg8 16. Qf4 Bg7 17. Ne4 Bxh6 18. Qxh6 Bd7 19. Bd3 Bc6 20. f3
f5 21. Qxe6 fxe4 22. Bxe4 Bxe4 23. fxe4 Qg5 24. g3 Rae8 25. Qf5 Qe3+ 26. Kg2
Rxe4 27. d7 Qd4 28. Rf2 Re5 29. Qf7 Qd5+ 30. Qxd5 Rxd5 31. Rf7 Rg7 32. Raf1
Rd2+ 33. Kg1 Rxd7 34. Rxg7 Kxg7 35. Rf2 Ng5 36. h4 Nh3+ 37. Kg2 Nxf2 38.
Kxf2 Rd2+ 39. Ke3 Rxb2 40. Kd4 Rxa2 41. g4 a5 42. g5 a4 43. Kc3 b5 44. h5
Rg2 45. g6 a3 46. Kb3 a2 {White resigns} 0-1

[Event "ICC tourney 2069 (15 5)"]
[Site "Internet Chess Club"]
[Date "2020.10.18"]
[Round "2"]
[White "hackerguru"]
[Black "StevenRojasS"]
[Result "0-1"]
[ICCResult "White resigns"]
[WhiteElo "1761"]
[BlackElo "1705"]
[Opening "English opening: Agincourt variation"]
[ECO "A13"]
[NIC "QP.09"]
[Time "13:01:11"]
[TimeControl "900+5"]

1. Nf3 d5 2. c4 e6 3. e3 Nf6 4. b3 Be7 5. Bb2 O-O 6. Be2 c5 7. O-O Nc6 8. d4
dxc4 9. Bxc4 b6 10. dxc5 Bxc5 11. Qe2 Bb7 12. Rd1 Qe7 13. Nc3 Rfd8 14. Na4
Bd6 15. e4 e5 16. Nc3 Nd4 17. Qd3 Bc5 18. Nxd4 Bxd4 19. Qc2 Rac8 20. a4 a6
21. Qe2 Bxc3 22. Bxc3 Nxe4 23. Bb2 Re8 24. Bxa6 Bxa6 25. Qxa6 Rc2 26. Qd3
Qc5 27. Qxe4 Qxf2+ 28. Kh1 Rxb2 29. h3 Rxb3 30. Qxe5 Rf8 31. Rf1 Qh4 32.
Rae1 Qxa4 33. Qf5 Qc6 34. Re7 g6 35. Qf2 Rxh3+ 36. Kg1 Rh5 37. Rxf7 Rf5 38.
Rxf8+ Kxf8 39. Qe2 Qc5+ 40. Kh1 Rxf1+ 41. Qxf1+ Qf5 42. Qa1 Qh5+ 43. Kg1
Qc5+ 44. Kh1 Kg8 45. Qa2+ Kg7 46. Qa1+ Kh6 47. Qb1 b5 48. Qb2 b4 49. Qd2+ g5
50. Qd8 Kg7 51. Qd7+ Kf6 52. Qd8+ Ke6 53. Qg8+ Kd6 54. Qf8+ Kc6 55. Qc8+ Kb5
56. Qb7+ Kc4 57. Qxh7 b3 58. Qf7+ Kb4 59. Qb7+ Ka3 60. Qa6+ Kb2 61. Qe2+ Kb1
62. Kh2 b2 63. Qe4+ Ka2 64. Qa4+ Qa3 65. Qc4+ Ka1 66. Qd4 Qa8 67. Qe5 Qa4
68. Qc3 Qf4+ 69. g3 Qc1 70. Qa3+ Kb1 71. Kh3 Qc8+ 72. g4 Qh8+ 73. Kg2 Qd4
74. Kh3 Kc2 75. Qa2 Qc3+ 76. Kg2 Qb3 77. Qa8 b1=Q 78. Qe4+ Qd3 79. Qc6+ Kd2
{White resigns}
0-1

[Event "ICC tourney 2069 (15 5)"]
[Site "Internet Chess Club"]
[Date "2020.10.18"]
[Round "2"]
[White "f5"]
[Black "blueocean07"]
[Result "1-0"]
[ICCResult "Black forfeits on time"]
[WhiteElo "2143"]
[BlackElo "1237"]
[Opening "Sicilian: closed"]
[ECO "B24"]
[NIC "SI.44"]
[Time "13:01:47"]
[TimeControl "900+5"]

1. e4 c5 2. Nc3 Nc6 3. g3 g6 4. Bg2 Bg7 5. d3 e6 6. f4 Nge7 7. Nf3 Nd4 8.
O-O O-O 9. Be3 d6 10. e5 Nef5 11. Bf2 Nxf3+ 12. Qxf3 dxe5 13. Bxc5 Re8 14.
fxe5 Qc7 15. Ne4 Bxe5 16. c3 b6 17. Ba3 Rb8 18. d4 Bg7 19. Qf2 Bb7 20. g4
Nh6 21. Nd6 Red8 22. Nxb7 Rxb7 23. Bxb7 Qxb7 24. h3 Kh8 25. Rae1 Qd5 26. Be7
Rd7 27. Bf6 Ng8 28. Bxg7+ Kxg7 29. a3 Qc4 30. Re3 Qb3 31. g5 Qb5 32. h4 Qd5
33. Rf3 Qb7 34. Qg3 Qd5 35. Qf4 Kf8 36. Re1 Ke8 37. Re5 {Black forfeits on
time} 1-0

[Event "ICC tourney 2069 (15 5)"]
[Site "Internet Chess Club"]
[Date "2020.10.18"]
[Round "2"]
[White "ashvathk5"]
[Black "akhilv"]
[Result "1-0"]
[ICCResult "Black checkmated"]
[WhiteElo "1441"]
[BlackElo "918"]
[Opening "Sicilian: closed, 2...Nc6"]
[ECO "B23"]
[NIC "SI.44"]
[Time "13:01:47"]
[TimeControl "900+5"]

1. e4 c5 2. Nc3 Nc6 3. Nf3 d6 4. Bc4 Bg4 5. h3 Bh5 6. O-O Nf6 7. Be2 e5 8.
d3 Be7 9. Bg5 O-O 10. Nh2 Bxe2 11. Qxe2 Nd4 12. Qd1 h6 13. Bh4 Rc8 14. Ne2
Re8 15. c3 Nxe2+ 16. Qxe2 Qd7 17. Qf3 c4 18. d4 exd4 19. cxd4 Kh8 20. e5 Nh7
21. Qxf7 Rcd8 22. e6 Qc7 23. Bxe7 Rxe7 24. Qf5 Rf8 25. Qe4 Ng5 26. Qg4 Rxe6
27. Qh4 Re4 28. Qh5 Rxd4 29. Rfd1 Rdf4 30. Rf1 Qb6 31. Qe2 Re4 32. Qc2 d5
33. Rae1 Rxe1 34. Rxe1 Ne4 35. Rf1 Ng3 36. Nf3 Nxf1 37. Kxf1 a5 38. Ne5 Qb5
39. Ng6+ Kg8 40. Nxf8 Kxf8 41. Kg1 Qe8 42. Qf5+ Qf7 43. Qc8+ Qe8 44. Qxb7
Qe1+ 45. Kh2 Qe5+ 46. g3 Qe2 47. Qxd5 Qxf2+ 48. Qg2 Qxg2+ 49. Kxg2 Ke7 50.
Kf3 Kd6 51. Ke3 Kc5 52. Kd2 Kb4 53. Kc2 Kc5 54. Kc3 Kd5 55. a3 Ke5 56. Kxc4
Ke4 57. b4 axb4 58. axb4 Ke5 59. Kc5 Ke6 60. Kc6 Ke7 61. b5 Kd8 62. Kb7 Kd7
63. b6 Kd8 64. Ka7 Kc8 65. b7+ Kc7 66. b8=Q+ Kc6 67. g4 Kd5 68. Qc7 g5 69.
Kb6 Ke4 70. Qd6 Kf3 71. Qe5 Kg2 72. Kc5 Kxh3 73. Qf5 Kh4 74. Kd4 Kh3 75. Ke3
Kh4 76. Kf3 Kh3 77. Qe5 Kh4 78. Qg3# {Black checkmated} 1-0

[Event "ICC tourney 2069 (15 5)"]
[Site "Internet Chess Club"]
[Date "2020.10.18"]
[Round "2"]
[White "weakfish"]
[Black "IAlwaysWin"]
[Result "0-1"]
[ICCResult "White resigns"]
[WhiteElo "1539"]
[BlackElo "1950"]
[Opening "Caro-Kann: classical, Spassky variation"]
[ECO "B18"]
[NIC "CK.12"]
[Time "13:01:36"]
[TimeControl "900+5"]

1. e4 c6 2. d4 d5 3. Nc3 dxe4 4. Nxe4 Bf5 5. Ng3 Bg6 6. Nf3 Nd7 7. h4 h6 8.
h5 Bh7 9. Bd3 Bxd3 10. Qxd3 e6 11. Qe2 Ngf6 12. Bf4 Qa5+ 13. c3 Be7 14. Qc4
Qb5 15. Qxb5 cxb5 16. Ne5 Nd5 17. Bd2 Bd6 18. f4 Bxe5 19. fxe5 Ke7 20. O-O
N7b6 21. b3 Rhc8 22. Ne4 Rc7 23. Nd6 f5 24. Nxb5 Rc6 25. c4 Nc7 26. Bb4+ Kf7
27. Nd6+ Kg8 28. Nxb7 Nc8 29. Nd6 Ne7 30. Rf3 a5 31. Ba3 Na6 32. d5 exd5 33.
cxd5 Nxd5 34. Nxf5 Re8 35. Rg3 Rc7 36. Nxh6+ Kh7 37. Ng4 Nab4 38. Bxb4 axb4
39. Rd1 Nc3 40. Rd2 Ne4 41. Rgd3 Nxd2 42. Rxd2 Ra7 43. Kf2 Rea8 44. Rd6
Rxa2+ 45. Kf3 Rf8+ 46. Ke4 Rxg2 47. Ne3 Rh2 48. e6 Rxh5 49. e7 Re8 50. Nd5
Rh6 51. Rd8 Re6+ 52. Kf5 R6xe7 53. Rxe8 Rxe8 54. Nxb4 Rb8 55. Nd5 Rxb3 56.
Ke5 Rf3 57. Ke4 Rf1 58. Nf4 g5 59. Ne6 Kg6 60. Nf8+ Kh5 61. Nh7 g4
{White resigns}
0-1

[Event "ICC tourney 2069 (15 5)"]
[Site "Internet Chess Club"]
[Date "2020.10.18"]
[Round "2"]
[White "rjc64uk"]
[Black "AdityaBang"]
[Result "1-0"]
[ICCResult "Black resigns"]
[WhiteElo "2078"]
[BlackElo "1354"]
[Opening "Ruy Lopez: closed, Flohr-Zaitsev system (Lenzerheide variation)"]
[ECO "C92"]
[NIC "RL.26"]
[Time "13:01:13"]
[TimeControl "900+5"]

1. e4 e5 2. Nf3 Nc6 3. Bb5 a6 4. Ba4 Nf6 5. O-O d6 6. Re1 Be7 7. h3 b5 8.
Bb3 O-O 9. c3 Bb7 10. d4 exd4 11. cxd4 Na5 12. Bc2 d5 13. e5 Ne4 14. Nbd2 f5
15. exf6 Nxf6 16. Ng5 Re8 17. Ndf3 h6 18. Ne6 Qd7 19. Bf5 Bd6 20. g4 g6 21.
Nc5 Qg7 22. Be6+ Kh8 23. g5 Bxc5 24. gxh6 Qf8 25. dxc5 Ne4 26. Qd4+ Qf6 27.
Qxf6+ Nxf6 28. Ng5 Ne4 29. Bf4 Nxg5 30. Bxg5 Nc4 31. b3 Na5 32. Re3 d4 33.
Bf6+ Kh7 34. Bxd4 Kxh6 35. Rae1 Nc6 36. Bf6 Nb4 37. R1e2 Rf8 38. Bc3 Nd5 39.
Bxd5 Bxd5 40. Bd2 Kh7 41. Re7+ Rf7 42. Rxf7+ Bxf7 43. Re7 Kg8 44. Rxc7 Rd8
45. Bg5 Rd1+ 46. Kh2 Bd5 47. Kg3 Rg1+ 48. Kf4 Be6 49. Bf6 Bxh3 50. Rg7+ Kf8
51. Rh7 Bf5 52. c6 Rg4+ 53. Ke5 Re4+ 54. Kd5 Re6 55. Be5 Ke8 56. c7 Re7 57.
Rh8+ Kf7 58. c8=Q Bxc8 59. Rxc8 Rd7+ 60. Bd6 Kf6 61. Rc7 Rf7 62. Be5+
{Black resigns}
1-0

[Event "ICC tourney 2069 (15 5)"]
[Site "Internet Chess Club"]
[Date "2020.10.18"]
[Round "2"]
[White "patzer2020"]
[Black "mexicoreal"]
[Result "0-1"]
[ICCResult "White resigns"]
[WhiteElo "1494"]
[BlackElo "1972"]
[Opening "Scotch: Schmidt variation"]
[ECO "C45"]
[NIC "SO.04"]
[Time "13:01:26"]
[TimeControl "900+5"]

1. e4 e5 2. Nf3 Nc6 3. d4 exd4 4. Nxd4 Nf6 5. Nc3 Bb4 6. Nxc6 bxc6 7. Bg5 h6
8. Bxf6 Qxf6 9. Qf3 Qxf3 10. gxf3 Bxc3+ 11. bxc3 f5 12. Bd3 O-O 13. exf5 d5
14. c4 Bxf5 15. cxd5 cxd5 16. O-O-O c6 17. Rhg1 Bd7 18. Rg3 Rf4 19. Rdg1 g5
20. Kd2 Rb8 21. Re1 Kf7 22. Bf1 Rh4 23. h3 Rb2 24. a3 Ra2 25. Re3 Ra4 26.
Rb3 R2xa3 27. Rb7 Ke7 28. Bd3 Rf4 29. Be2 a5 30. Rg1 Rb4 31. Ra7 c5 32. Re1
Rd4+ 33. Bd3+ Kd6 34. Ra6+ Bc6 35. Re8 Kd7 36. Rh8 c4 37. Rh7+ Kd8 38. Rh8+
Be8 39. Ra8+ Kc7 40. Rhxe8 cxd3 41. Rac8+ Kd6 42. Rcd8+ Kc5 43. Rc8+ Kb5 44.
Rb8+ Ka4 45. c3 Rc4 46. Kxd3 Raxc3+ 47. Kd2 Rc2+ 48. Kd3 Rxf2 49. Re3 Rfc2
50. Re5 R4c3+ 51. Kd4 Rxf3 52. Kxd5 Rxh3 53. Re4+ Ka3 54. Rb5 a4 55. Ra5
Rd3+ 56. Ke6 Rc6+ 57. Kf5 Rf3+ 58. Kg4 Rf4+ 59. Rxf4 gxf4 60. Kxf4 Kb3 61.
Rb5+ Ka2 62. Ra5 a3 63. Ke3 Rb6 64. Kd3 Kb2 65. Rh5 a2 66. Rh2+ Ka3
{White resigns}
0-1

[Event "ICC tourney 2069 (15 5)"]
[Site "Internet Chess Club"]
[Date "2020.10.18"]
[Round "2"]
[White "saathvikdasari"]
[Black "aryarsh1"]
[Result "1-0"]
[ICCResult "Black resigns"]
[WhiteElo "1320"]
[BlackElo "1344"]
[Opening "Scotch: Potter variation"]
[ECO "C45"]
[NIC "SO.05"]
[Time "13:01:23"]
[TimeControl "900+5"]

1. e4 e5 2. Nf3 Nc6 3. d4 exd4 4. Nxd4 Bc5 5. Nb3 Bb6 6. Nc3 d6 7. Qe2 Nf6
8. Be3 O-O 9. h4 Bxe3 10. Qxe3 Re8 11. O-O-O Be6 12. f3 h5 13. Nd4 Nxd4 14.
Qxd4 Qd7 15. Bb5 c6 16. Bc4 Bxc4 17. Qxc4 Qe6 18. Qxe6 Rxe6 19. Rd2 Rd8 20.
Rhd1 Nh7 21. Ne2 Kf8 22. Nf4 Rh6 23. Nd3 Ke7 24. e5 dxe5 25. Nxe5 Rxd2 26.
Rxd2 Re6 27. Nd3 Nf6 28. Nc5 Re1+ 29. Rd1 Rxd1+ 30. Kxd1 b6 31. Ne4 Nxe4 32.
fxe4 Ke6 33. Ke2 Ke5 34. Ke3 a6 35. g3 f5 36. exf5 Kxf5 37. Kf3 c5 38. a4 b5
39. axb5 axb5 40. Kf2 Ke4 41. Ke2 b4 42. b3 g6 43. Kf2 Kd4 44. Ke2 Kc3 45.
Kd1 Kd4 46. Kd2 Ke4 47. Ke2 Kf5 48. Kf3 g5 49. hxg5 Kxg5 50. Kf2 Kf6 51. Kg2
Kg5 52. Kf2 Kg4 53. Kg2 Kg5 54. Kf2 Kf5 55. Kf3 Kg5 56. Kf2 Kf6 57. Kg2 Kf5
58. Kf3 Ke5 59. Ke3 Kf5 60. Kf3 Kg5 61. Kf2 Kf6 62. Kg2 Ke5 63. Kf3 Kd4 64.
Ke2 c4 65. Kd2 cxb3 66. cxb3 Ke4 67. Ke2 Kf5 68. Kf3 Kg5 69. Kf2 Kf6 70. Kf3
Kf5 71. Kf2 Ke4 72. Ke2 Kf5 73. Kf3 Kg5 74. Kf2 Kg4 75. Kg2 Kg5 76. Kf2 Kf6
77. Kf3 Kf5 78. Kf2 Ke4 79. Ke2 Kf5 80. Kf3 Kg5 81. Kf2 Kf6 82. Kf3 Kf5 83.
Kf2 Ke5 84. Ke3 Kf5 85. Kf3 Kg5 86. Kf2 Kg4 87. Kg2 Kf5 88. Kf3 Kg5 89. Kf2
Kf6 90. Kf3 Ke5 91. Ke3 Kf6 92. Kf4 Kg6 93. Kf3 Kf5 94. Kf2 Ke6 95. Kf3 Kf5
96. Kf2 Ke6 97. Kf3 Kd5 98. Ke3 Ke5 99. Kd3 Kf5 100. Ke3 Kg4 101. Kf2 Kh3
102. Kf3 Kh2 103. g4 hxg4+ 104. Kxg4 Kg2 105. Kf4 Kf2 106. Ke4 Ke2 107. Kd4
Kf3 108. Kc4 Ke4 109. Kxb4 Kd5 110. Ka5 Kc6 111. b4 Kb7 112. Kb5 Kb8 113.
Kb6 Ka8 114. Kc7 Ka7 115. b5 Ka8 116. Kb6 Kb8 117. Ka6 Ka8 118. b6 Kb8 119.
b7 Kc7 120. Ka7 Kc6 121. b8=Q Kc5 122. Qb6+ Kc4 123. Qd6 Kc3 124. Qd5 Kb4
125. Qc6 Kb3 126. Qc5 Kb2 127. Qc4 Kb1 128. Qc3 Ka2 129. Qb4 Ka1 130. Kb6
Ka2 131. Kc5 Ka1 132. Kc4 Ka2 133. Kc3 {Black resigns} 1-0

[Event "ICC tourney 2069 (15 5)"]
[Site "Internet Chess Club"]
[Date "2020.10.18"]
[Round "3"]
[White "temporarydanger"]
[Black "PADMINIPODICC"]
[Result "1-0"]
[ICCResult "Black resigns"]
[WhiteElo "1144"]
[BlackElo "1013"]
[Opening "Philidor's defense"]
[ECO "C41"]
[NIC "KP.10"]
[Time "14:09:56"]
[TimeControl "900+5"]

1. e4 e5 2. Nf3 d6 3. Bc4 Nf6 4. d3 d5 5. exd5 Bb4+ 6. c3 Bc5 7. O-O c6 8.
dxc6 bxc6 9. Nxe5 h5 10. Nxf7 Nbd7 11. Nxd8 Rb8 12. Nf7 Rb4 13. cxb4 a6 14.
Qe2+ Kf8 15. bxc5 Rh6 {Black resigns} 1-0

[Event "ICC tourney 2069 (15 5)"]
[Site "Internet Chess Club"]
[Date "2020.10.18"]
[Round "3"]
[White "prajit5803"]
[Black "chessplayz"]
[Result "1-0"]
[ICCResult "Black checkmated"]
[WhiteElo "1187"]
[BlackElo "1255"]
[Opening "Giuoco Pianissimo: Italian four knights variation"]
[ECO "C50"]
[NIC "IG.02"]
[Time "14:09:33"]
[TimeControl "900+5"]

1. e4 e5 2. Nf3 Nc6 3. Bc4 Bc5 4. d3 Nf6 5. Nc3 d6 6. h3 O-O 7. Bg5 h6 8.
Bh4 Qe8 9. Bxf6 gxf6 10. Qd2 Be6 11. Bxe6 Qxe6 12. Qxh6 Nd4 13. h4 Nxf3+ 14.
gxf3 f5 15. Rg1+ Qg6 16. Rxg6+ fxg6 17. Qxg6+ Kh8 18. exf5 Rg8 19. Qh6#
{Black checkmated}
1-0

[Event "ICC tourney 2069 (15 5)"]
[Site "Internet Chess Club"]
[Date "2020.10.18"]
[Round "3"]
[White "blueidolon"]
[Black "sayhi2tejas"]
[Result "0-1"]
[ICCResult "White resigns"]
[WhiteElo "1201"]
[BlackElo "1270"]
[Opening "Four knights: Italian variation"]
[ECO "C55"]
[NIC "IG.01"]
[Time "14:09:26"]
[TimeControl "900+5"]

1. e4 e5 2. Nf3 Nc6 3. Bc4 Nf6 4. Nc3 Nxe4 5. Nxe4 d5 6. Bxd5 Qxd5 7. d3 Bf5
8. Qe2 Bg4 9. h3 Nd4 10. hxg4 Nxe2 11. Bd2 Nd4 12. O-O Nxc2 13. Rac1 Qxd3
14. Nc5 Bxc5 {White resigns} 0-1

[Event "ICC tourney 2069 (15 5)"]
[Site "Internet Chess Club"]
[Date "2020.10.18"]
[Round "3"]
[White "greasyaluminum"]
[Black "volver"]
[Result "1-0"]
[ICCResult "Black checkmated"]
[WhiteElo "1459"]
[BlackElo "1583"]
[Opening "Giuoco Pianissimo: Italian four knights variation"]
[ECO "C50"]
[NIC "IG.02"]
[Time "14:09:23"]
[TimeControl "900+5"]

1. e4 e5 2. Nf3 Nc6 3. Bc4 Bc5 4. d3 Nf6 5. Nc3 O-O 6. O-O d6 7. h3 a6 8.
Bg5 h6 9. Bh4 Nd4 10. Nxd4 Bxd4 11. Nd5 g5 12. Bg3 c6 13. Ne3 Bxb2 14. Rb1
Bd4 15. Qd2 Kh7 16. c3 Ba7 17. Nf5 Nh5 18. Bh2 Nf4 19. Bxf4 gxf4 20. d4 Bxf5
21. exf5 Qf6 22. Rfe1 d5 23. dxe5 Qg5 24. Bd3 Kh8 25. Kh2 Rg8 26. Rg1 Rae8
27. Rxb7 Re7 28. Rxe7 Qxe7 29. Qxf4 Qc5 30. Qxh6# {Black checkmated} 1-0

[Event "ICC tourney 2069 (15 5)"]
[Site "Internet Chess Club"]
[Date "2020.10.18"]
[Round "3"]
[White "agastyap"]
[Black "RM26"]
[Result "0-1"]
[ICCResult "White checkmated"]
[WhiteElo "1244"]
[BlackElo "1460"]
[Opening "English: symmetrical variation"]
[ECO "A34"]
[NIC "EO.64"]
[Time "14:09:17"]
[TimeControl "900+5"]

1. c4 c5 2. Nc3 d6 3. e4 f5 4. exf5 Bxf5 5. Nf3 e6 6. Be2 Nc6 7. O-O Qf6 8.
d3 O-O-O 9. Bg5 Qg6 10. Bxd8 Nxd8 11. Nh4 Qg5 12. Nxf5 exf5 13. Nb5 Nf6 14.
Nxa7+ Kb8 15. Qa4 Ne6 16. Nb5 Kc8 17. Na7+ Kd8 18. Bf3 Nf4 19. Bxb7 Ne4 20.
Nc6+ Ke8 21. Ne5+ Ke7 22. Qd7+ Kf6 23. dxe4 Qxg2# {White checkmated} 0-1